 Dungeon Crawl Stone Soup version 0.29-a0-334-gb41bcbb86e (webtiles) character file.

Game seed: 4323928368868784878

30 BritishOli the Skirmisher (level 3, -1/29 HPs)
             Began as a Demonspawn Monk on Apr 14, 2022.
             Slain by Terence
             ... wielding a +0 hand axe
              (3 damage)
             ... on level 2 of the Dungeon.
             The game lasted 00:02:27 (1476 turns).

BritishOli the Skirmisher (Demonspawn Monk)         Turns: 1476, Time: 00:02:28

Health: -1/29      AC:  4    Str: 13    XL:     3   Next: 3%
Magic:  3/3        EV: 13    Int: 11    God:
Gold:   84         SH:  0    Dex: 15    Spells: 2/2 levels left

rFire   . . .      SeeInvis .   a - +0 falchion
rCold   . . .      Faith    .   (no shield)
rNeg    . . .      Spirit   .   b - +0 robe
rPois   .          Reflect  .   (no helmet)
rElec   .          Harm     .   (no cloak)
rCorr   .          Rampage  .   (no gloves)
Will    .....                   (no boots)
Stlth   ++........              (no amulet)
HPRegen 0.09/turn               (no ring)
MPRegen 0.08/turn               (no ring)

@: no status effects
A: icy blue scales 1, demonic guardian 1
a: no special abilities


You were on level 2 of the Dungeon.
You visited 1 branch of the dungeon, and saw 2 of its levels.

You collected 84 gold pieces.

Inventory:

Hand Weapons
 a - a +0 falchion (weapon)
Armour
 b - a +0 robe (worn)
Jewellery
 k - a ring of willpower
Scrolls
 d - 2 scrolls of identify {unknown}
 f - a scroll of blinking {unknown}
 h - a scroll of teleportation {unknown}
 l - a scroll of vulnerability {unknown}
Potions
 c - a potion of ambrosia
 e - 2 potions of curing
 g - a potion of haste {unknown}
 i - 2 potions of might {unknown}
 j - a potion of attraction {unknown}


   Skills:
 + Level 3.3 Fighting
 + Level 3.0 Long Blades
 + Level 0.5 Armour
 + Level 3.0 Dodging
 - Level 2.0 Stealth


You had 2 spell levels left.
You didn't know any spells.
Your spell library was empty.

Dungeon Overview and Level Annotations

Branches:
Dungeon (2/15)

Altars:

Annotations:
D:2 Terence


Innate Abilities, Weirdness & Mutations

You are partially covered in icy blue scales. (AC +2)
A weak demonic guardian rushes to your aid.


Message History

Your quasit claws Terence but does no damage. x2
Terence asks, "Do you want it fast or slow?"
Terence barely misses you. Terence barely misses your quasit.
Unknown command.
Your quasit bites Terence.
Your quasit closely misses Terence.
Your quasit barely misses Terence.
Terence barely misses you. Terence completely misses your quasit.
Your shadow imp gestures at Terence.
Terence writhes in agony.
Terence attacks as you move away! Terence closely misses you.
Terence barely misses your quasit.
Your quasit bites Terence but does no damage.
Your quasit barely misses Terence. x2; Your quasit closely misses Terence.
Your quasit barely misses Terence.
Your quasit claws Terence but does no damage.
Terence drinks a potion.
Terence is healed!
Your quasit bites Terence but does no damage.
Your quasit claws Terence but does no damage. x2
Terence barely misses you. Terence barely misses your quasit.
Terence closely misses your shadow imp.
Your shadow imp closely misses Terence.
You hit Terence but do no damage.
Terence is moderately wounded.
Your quasit closely misses Terence.
Your quasit claws Terence. x2
Terence barely misses you.
Terence hits your quasit with a +0 hand axe.
Terence closely misses your shadow imp.
Your shadow imp hits Terence but does no damage.
You hit Terence but do no damage.
Terence is heavily wounded.
Your quasit bites Terence.
Your quasit barely misses Terence.
Your quasit claws Terence but does no damage.
Your quasit bites Terence.
Your quasit claws Terence but does no damage. x2
Terence drinks a potion.
Terence is healed!
Your shadow imp hits Terence.
You closely miss Terence.
Terence is heavily wounded.
Your quasit bites Terence.
Your quasit closely misses Terence.
Your quasit claws Terence.
Terence closely misses your quasit. Terence hits you with a +0 hand axe.
You die...

#####.#..##.# ...
####.#
....#.#..##...
...# #.#
...............
).# ###.#
....###..####..
#...# ##.## #..#
... #.### #)# .#
#.# ...#
.###############.#
##..#.
#...............#
#....
#.####.@#########
##.#.# #.####@.#
.##....###.##.55.#
........##.#....##
................#
........##......#
.^.....##########
....#.# ... #.


You could see Terence (distracted, ally target), a friendly quasit (summoned)
and a friendly shadow imp (summoned).

Vanquished Creatures
  An adder (D:2)
  A worm (D:2)
  A dart slug (D:1)
  2 bats (D:1)
  3 giant cockroaches
  A goblin (D:1)
  A hobgoblin (D:2)
  A quokka (D:1)
  A ball python (D:1)
  A frilled lizard (D:1)
  A kobold (D:1)
  A rat (D:1)
15 creatures vanquished.

Notes
Turn   | Place    | Note
-------+----------+-------------------------------------------
     0 | D:1      | BritishOli the Demonspawn Monk began the quest for the Orb.
     0 | D:1      | Reached XP level 1. HP: 18/18 MP: 1/1
   342 | D:1      | Gained mutation: A weak demonic guardian rushes to your
                  | aid. [demonic ancestry]
   342 | D:1      | Reached XP level 2. HP: 23/24 MP: 2/2
  1227 | D:2      | Gained mutation: You are partially covered in icy blue
                  | scales. (AC +2) [demonic ancestry]
  1227 | D:2      | Reached XP level 3. HP: 16/29 MP: 3/3
  1443 | D:2      | Noticed Terence
  1476 | D:2      | Slain by Terence

Illustrated notes

Levels and vault maps discovered:
D:1:      sevenhm_arrival_forest_fort_small_6, layout_basic, minmay_tetromino_s2
D:2:      layout_loops_cross, uniq_jessica, uniq_terence

Skill      XL: |  1  2 |
---------------+-------+-----
Stealth        | 2 |  2.0
Long Blades    | 3 |  3.0
Dodging        | 3 |  3.0
Fighting       | |  3.3
Armour         | |  0.5

Action                   || total
-------------------------++-------
Melee: Falchion          ||    83
 Stab: Sleeping          ||     3
Armor: Robe              ||    11
Dodge: Dodged            ||    63

Table legend: (Time is in decaauts)
 A = Elapsed time spent in this place.
 B = Non-inter-level travel time spent in this place.
 C = Inter-level travel time spent in this place.
 D = Time resting spent in this place.
 E = Time spent auto-exploring this place.
 F = Levels seen in this place.
 G = Mean time per level.
                   A        B        C        D        E       F      G
               +--------+--------+--------+--------+--------+-----+--------+
         Total |   1489 |   1433 |     56 |      0 |   1238 |   2 |  744.5 |
       Dungeon |   1489 |   1433 |     56 |      0 |   1238 |   2 |  744.5 |
               +--------+--------+--------+--------+--------+-----+--------+

Top non-repeatable levels by time:
     D:1: 839 daAuts
     D:2: 650 daAuts
